 Dungeon Crawl Stone Soup version 0.31.0-11-ge490571c62 (webtiles) character file.

Game seed: 15022432762356445948

258283 qw the Intangible (level 19, -10/111 (112) HPs)
             Began as a Spriggan Hunter on Feb 4, 2024.
             Was a High Priest of Okawaru.
             Killed by a resonance strike
             ... invoked by a ragged hierophant
              (16 damage)
             ... in the Desolation of Salt.
             The game lasted 00:06:06 (26892 turns).

qw the Intangible (Spriggan Hunter)                Turns: 26892, Time: 00:06:06

HP:   -10/111 (112) AC:  9    Str: 12    XL:     19   Next: 24%
MP:   23/27         EV: 59    Int: 10    God:    Okawaru [*****.]
Gold: 833           SH:  5    Dex: 29    Spells: 18/18 levels left

rFire   + + .        c - +7 arbalest of Tomorrow {heavy, rPois rF++ Int-3 Dex+3}
rCold   . . .        (shield currently unavailable)
rNeg    . . .        t - +1 robe of Vines {NoPotionHeal Regen++++}
rPois   +            s - +2 hat "Qaprom" {rCorr Str+5 Int-2 Stlth+}
rElec   .            e - +2 cloak
rCorr   +            (gloves unavailable)
SInv    +            (boots unavailable)
Will    ++++.        B - amulet of reflection
Stlth   +++++        z - ring "Cegroi" {Will+ rCorr Int+4}
HPRegen 3.58/turn    k - +5 ring of evasion
MPRegen 0.20/turn

%: reflection
@: about to teleport, heroic, finesse-ful, lightly drained, very quick
A: very small, no large weapons, unfitting armour, see invisible, speed 3
}: 1/15 runes: serpentine
a: Renounce Religion, Heroism, Finesse, Duel


You were in the Desolation of Salt.
You worshipped Okawaru.
Okawaru was extremely pleased with you.
You visited 7 branches of the dungeon, and saw 32 of its levels.
You visited 2 bazaars.
You also visited: Sewer and Desolation.

You collected 3229 gold pieces.
You spent 2396 gold pieces at shops.


Innate Abilities, Weirdness & Mutations

You are very small and have problems with some larger weapons.
You are too small for most types of armour.
You have supernaturally acute eyesight. (SInv)
You cover ground extremely quickly. (Speed+++)


   Skills:
 + Level 17.1(22.1) Fighting
 - Level 18.0(23.0) Ranged Weapons
 - Level 3.0(8.0) Armour
 O Level 27 Dodging
 - Level 1.5(6.5) Stealth
 - Level 10.0 Invocations


You had 18 spell levels left.
You didn't know any spells.
Your spell library was empty.

Inventory:

Hand Weapons
 c - the +7 arbalest of Tomorrow (weapon) {heavy, rPois rF++ Int-3 Dex+3}
   (You acquired it on level 9 of the Dungeon)

   Int-3:     It affects your intelligence (-3).
   Dex+3:     It affects your dexterity (+3).
   rF++:      It greatly protects you from fire.
   rPois:     It protects you from poison
Armour
 b - a +2 cloak of poison resistance
 e - a +2 cloak (worn)
 f - the +3 hat of Pondering {ponderous, Will+ MP+10 Int+5}
   (You took it off Gastronok on level 3 of the Lair of Beasts)

   Int+5:     It affects your intelligence (+5).
   Will+:     It increases your willpower.
   MP+10:     It affects your magic capacity (+10).
 s - the +2 hat "Qaprom" (worn) {rCorr Str+5 Int-2 Stlth+}
   (You found it on level 10 of the Dungeon)

   Str+5:     It affects your strength (+5).
   Int-2:     It affects your intelligence (-2).
   rCorr:     It protects you from acid and corrosion.
   Stlth+:    It makes you more stealthy.
 t - the +1 robe of Vines (worn) {NoPotionHeal Regen++++}
   (Okawaru gifted it to you on level 5 of the Lair of Beasts)

   NoPotionHeal: Its wearer cannot be healed by potions.
   Regen++++: It increases your rate of health regeneration.
Jewellery
 a - a ring of protection from fire
 k - a +5 ring of evasion (right hand)
 m - a ring of ice
 r - a ring of poison resistance
 x - a ring of protection from fire
 y - a +6 ring of strength
 z - the ring "Cegroi" (left hand) {Will+ rCorr Int+4}
   (You found it on level 5 of the Lair of Beasts)

   [ring of resist corrosion]

   Int+4:     It affects your intelligence (+4).
   Will+:     It increases your willpower.
   rCorr:     It protects you from acid and corrosion.
 B - an amulet of reflection (around neck)
 Y - the ring of Charity {rPois rC+ Will+ Str+6 Dex-4}
   (You found it on level 8 of the Dungeon)

   [ring of strength]

   Str+6:     It affects your strength (+6).
   Dex-4:     It affects your dexterity (-4).
   rC+:       It protects you from cold.
   rPois:     It protects you from poison Will+: It increases your willpower.
Wands
 i - a wand of roots (24)
 q - a wand of polymorph (6)
 w - a wand of digging (12)
 F - a wand of light (3)
Scrolls
 d - 13 scrolls of identify
 g - 3 scrolls of enchant weapon
 u - 5 scrolls of teleportation
 v - 2 scrolls of brand weapon
 G - 2 scrolls of enchant armour
Potions
 h - 7 potions of heal wounds
 j - 14 potions of curing
 l - 9 potions of might
 n - 4 potions of mutation
 o - 2 potions of cancellation
 p - 4 potions of resistance
 A - 2 potions of magic
 C - 4 potions of enlightenment
 D - 2 potions of haste

Dungeon Overview and Level Annotations

Branches:
Dungeon (15/15)            Temple (1/1) D:5            Lair (5/5) D:9
 Shoals (3/4) Lair:2        Snake (4/4) Lair:3        Slime (0/5) Lair:4
    Orc (2/2) D:11            Elf (0/3) Orc:2        Vaults (2/5) D:13
 Depths (0/4) D:15          Sewer (visited)         Desolation (1/1)
  Crypt: Vaults:2-3

Altars:
Ashenzari
Cheibriados
Dithmenos
Elyvilon
Fedhas
Gozag
Hepliaklqana
Kikubaaqudgha
Makhleb
Nemelex Xobeh
Okawaru
Qazlal
Ru
Sif Muna
Trog
Uskayaw
Vehumet
Wu Jian
Xom
Yredelemnul
Zin
The Shining One

Shops:
D:8 (   Orc:2 **(([   Shoals:1 :   Snake:1 *   Vaults:1 ?

Portals:
Abyss: Snake:3
Trove: D:13 (show abyssal rune of Zot)
Bailey: D:7

Annotations:
D:4 1 runed translucent door, Crazy Yiuf
D:12 3 runed translucent doors, Uwkeq's ghost, journeyman MiFi
D:14 2 transporters, Opnastoc's ghost, journeyman MiBe
Shoals:3 exclusion: kraken
Snake:1 3 runed translucent doors, Ousak's ghost, adept OpSh; Romunoh's ghost, adept SpBr; Smee's ghost, adept MiFi; Sokuv's ghost, adept DECj
Snake:3 2 transporters, qw's ghost, adept SpHu


Message History

The imperial myrmidon completely misses you.
The servant of whispers completely misses you.
You shoot a bolt. The bolt hits the imperial myrmidon.
The imperial myrmidon is moderately wounded.
The imperial myrmidon completely misses you.
You shoot a bolt. The bolt misses the imperial myrmidon.
The ragged hierophant is recalled. x2; The imperial myrmidon is recalled.
The servant of whispers is recalled.
The air resumes its normal movements.
The ragged hierophant gestures at you while chanting.
A blast of power from the earth strikes you!
A ragged hierophant comes into view. It is wielding a +3 rapier.
The servant of whispers completely misses you.
A ragged hierophant comes into view. It is wielding a +0 long sword.
The ragged hierophant casts a spell at you.
A blast of power from the earth strikes you!
The ironbound convoker completely misses you.
The servant of whispers completely misses you.
An imperial myrmidon comes into view. It is wielding a +0 scimitar.
The imperial myrmidon completely misses you.
A servant of whispers comes into view. It is wielding a +0 spear.
Enter note:
26891 ||| RETREEEEATING.
The ragged hierophant gestures at you while chanting.
A blast of power from the earth strikes you!
The servant of whispers mumbles some strange prayers to its god.
The air becomes perfectly still.
The ragged hierophant casts a spell at you.
A blast of power from the earth strikes you!
26892 ||| READING 6 scrolls of teleportation.
As you read the scroll of teleportation, it crumbles to dust.
You feel strangely unstable.
The imperial myrmidon completely misses you.
The servant of whispers completely misses you.
The servant of whispers hits you with a +0 spear!
The ironbound convoker points at the imperial myrmidon and mumbles some strange words.
The imperial myrmidon seems to grow stronger.
The ragged hierophant completely misses you.
The ragged hierophant points at you and mumbles some strange words.
A blast of power from the earth strikes you!
You die...

.#.............
................
....#...........
.................
.................
..#.............
...#............ap)......
................aa)a#
................@a##.....
................a#a......
................####....#
................# ..8
................# .
...\.\..........#
................#
................#
................##


You could see 3 ragged hierophants, 2 servants of whispers, 2 imperial myrmidons
and an ironbound convoker (catching breath).

Vanquished Creatures
  Rupert (D:15)
  A sphinx (Vaults:1)
  A kraken (Shoals:3)
  Gastronok (Lair:3)
  Kirke (Snake:1)
  5 nagarajas
  Agnes (D:15)
  Aizul (Snake:1)
  Donald (Orc:2)
  An imperial myrmidon (Desolation)
  Louise (Snake:1)
  2 vault wardens (Vaults:1)
  An orc warlord (Vaults:1)
  4 ironbound preservers
  An ironbound thunderhulk (Vaults:1)
  A deep elf demonologist (Vaults:2)
  A halazid warlock (Desolation)
  Azrael (Orc:2)
  Nessos (Orc:2)
  7 dire elephants (Vaults:2)
  A merfolk javelineer (Shoals:2)
  2 great orbs of eyes
  An ettin (Orc:2)
  3 servants of whispers (Desolation)
  2 rakshasas (D:15)
  3 ragged hierophants (Desolation)
  3 merfolk impalers (Shoals:3)
  2 yaktaur captains (Vaults:1)
  Fannar (Lair:3)
  2 salamander tyrants (Snake:4)
  An ogre mage (D:15)
  2 catoblepae
  3 ironbound frosthearts
  4 hydras
  An alligator snapping turtle (Shoals:3)
  6 merfolk avatars
  4 boulder beetles
  5 centaur warriors
  16 anacondas
  2 merfolk aquamancers
  7 two-headed ogres
  A death knight (D:15)
  2 satyrs
  16 naga warriors
  2 tengu warriors (D:15)
  13 naga sharpshooters
  2 occultists (D:15)
  Urug (Orc:2)
  4 orc high priests (Orc:2)
  14 shock serpents
  Amaemon (Lair:3)
  5 skysharks
  A goliath frog (Lair:5)
  3 salamander mystics (Snake:4)
  2 skeletal warriors (D:15)
  14 deep trolls
  11 mana vipers
  4 arcanists
  7 naga ritualists
  28 harpies
  17 sea snakes
  5 orc knights
  8 lindwurms
  17 ugly things
  2 phantasmal warriors
  A wolf spider zombie (D:15)
  3 ironbound convokers
  2 necromancers
  An oklob plant (Snake:1)
  7 orc sorcerers
  18 salamanders
  5 fauns
  5 cyclopes
  Maurice (D:8)
  29 elephants
  6 merfolk sirens
  11 manticores
  8 guardian serpents
  33 black mambas
  A molten gargoyle (Lair:3)
  19 naga magi
  6 kobold blastminers
  A torpor snail (Lair:5)
  8 water nymphs
  22 cane toads
  A centaur skeleton (D:15)
  An orange demon (Lair:3)
  10 komodo dragons
  2 efreet (D:15)
  7 yaktaurs
  3 rime drakes
  A freezing wraith (D:15)
  2 tengu conjurers (D:13)
  27 merfolk
  2 wind drakes
  5 polar bears
  A hornet (D:9)
  6 trolls
  2 dream sheep (Shoals:2)
  Grinder (Sewer)
  12 saltlings (Desolation)
  20 blink frogs
  11 snapping turtles
  11 slime creatures (D:12)
  A wraith (D:11)
  A shadow (D:12)
  A centaur simulacrum (D:15)
  7 water elementals
  10 wyverns (D:15)
  A vampire (D:13)
  A hog (shapeshifter) (D:15)
  5 hogs (Snake:1)
  56 yaks
  3 fire elementals (Orc:2)
  2 fire bats (Lair:3)
  Eustachio (D:4)
  6 basilisks
  A warg (Orc:2)
  9 vampire mosquitoes
  A steam dragon (D:9)
  25 nagas
  An acid dragon (D:10)
  9 water moccasins
  2 hell hounds
  11 orc warriors
  A meliai simulacrum (D:15)
  7 black bears
  2 ice beasts
  2 laughing skulls (D:14)
  A sky beast (D:7)
  12 centaurs
  13 boggarts
  17 wolves
  10 ogres
  A phantom (D:4)
  2 gnoll sergeants
  5 kobold brigands
  16 bullfrogs
  5 scorpions
  10 wights
  17 killer bees
  12 electric eels
  4 howler monkeys
  2 lava snakes (Lair:3)
  2 bombardier beetles (D:4)
  2 quasits (Sewer)
  2 jellies (D:5)
  A hound (D:6)
  18 orc priests
  Jessica (D:3)
  4 iguanas
  2 sleepcaps
  17 orc wizards
  5 hell rats (D:15)
  Natasha (D:4)
  A boggart skeleton (D:15)
  11 gnolls
  9 adders
  2 shadow imps (Sewer)
  2 white imps
  5 ufetubi
  5 dart slugs
  78 orcs
  4 endoplasms
  12 giant cockroaches
  7 goblins
  5 hobgoblins
  29 kobolds
  5 quokkas
  3 ball pythons
  4 bats
  4 frilled lizards
  4 rats (D:1)
  4 tentacles (Shoals:3)
1139 creatures vanquished.

Vanquished Creatures (others)
  An occultist (D:15)
  An orc priest (Orc:2)
  An orc wizard (D:7)
  An adder zombie (Sewer)
  11 tentacles (Shoals:3)
15 creatures vanquished.

Grand Total: 1154 creatures vanquished

Notes
Turn   | Place    | Note
-------+----------+-------------------------------------------
     0 | D:1      | qw the Spriggan Hunter began the quest for the Orb.
     0 | D:1      | Reached XP level 1. HP: 10/10 MP: 2/2
     0 | D:1      | 0 ||| qw: Version: 0.3-a-160-g6735b56
     0 | D:1      | 0 ||| qw: Game counter: 4488
     0 | D:1      | 0 ||| qw: Melee chars always use a shield: true
     0 | D:1      | 0 ||| qw: God list: Okawaru
     0 | D:1      | 0 ||| qw: Allow faded altars: false
     0 | D:1      | 0 ||| qw: Do Orc after clearing Dungeon:15 true
     0 | D:1      | 0 ||| qw: Do second Lair branch before Depths: true
     0 | D:1      | 0 ||| qw: Lair rune preference: random
     0 | D:1      | 0 ||| qw: Goals: Normal
     0 | D:1      | 0 ||| PLANNING D:1-11
    63 | D:1      | Reached skill level 3 in Dodging
   404 | D:1      | Reached XP level 2. HP: 14/14 MP: 3/3
   411 | D:1      | Reached skill level 4 in Dodging
   715 | D:1      | You fall into a shaft and drop 1 floor!
   729 | D:2      | 729 ||| UPGRADING to +0 cloak.
   734 | D:2      | 734 ||| READING scroll labelled UGUUTUA DOBROXAQ.
   735 | D:2      | 735 ||| READING scroll labelled YGOSCH TEMMA.
   736 | D:2      | 736 ||| READING scroll labelled GIROIM RUEG.
   739 | D:2      | 739 ||| READING scroll labelled LIXIEMNUHUDY.
   740 | D:2      | 740 ||| DROPPING scroll of butterflies.
   777 | D:2      | 777 ||| FLEEEEING.
   778 | D:2      | 778 ||| FLEEEEING.
   779 | D:2      | 779 ||| FLEEEEING.
   780 | D:2      | 780 ||| STAIRDANCE
   989 | D:2      | Reached XP level 3. HP: 18/18 MP: 4/4
  1123 | D:2      | Reached XP level 4. HP: 13/22 MP: 5/5
  1124 | D:2      | 1124 ||| FLEEEEING.
  1125 | D:2      | 1125 ||| FLEEEEING.
  1126 | D:2      | 1126 ||| FLEEEEING.
  1127 | D:2      | 1127 ||| FLEEEEING.
  1129 | D:2      | 1129 ||| FLEEEEING.
  1132 | D:2      | 1132 ||| FLEEEEING.
  1134 | D:2      | 1134 ||| FLEEEEING.
  1135 | D:2      | 1135 ||| FLEEEEING.
  1136 | D:2      | 1136 ||| FLEEEEING.
  1137 | D:2      | 1137 ||| FLEEEEING.
  1138 | D:2      | 1138 ||| FLEEEEING.
  1140 | D:2      | 1140 ||| FLEEEEING.
  1141 | D:2      | 1141 ||| FLEEEEING.
  1142 | D:2      | 1142 ||| FLEEEEING.
  1143 | D:2      | 1143 ||| FLEEEEING.
  1144 | D:2      | 1144 ||| FLEEEEING.
  1147 | D:2      | 1147 ||| FLEEEEING.
  1148 | D:2      | 1148 ||| FLEEEEING.
  1150 | D:2      | 1150 ||| FLEEEEING.
  1151 | D:2      | 1151 ||| FLEEEEING.
  1153 | D:2      | 1153 ||| FLEEEEING.
  1157 | D:2      | 1157 ||| FLEEEEING.
  1158 | D:2      | 1158 ||| FLEEEEING.
  1684 | D:2      | 1684 ||| UPGRADING to ring of resist corrosion.
  1685 | D:2      | 1685 ||| UPGRADING to +5 ring of evasion.
  1686 | D:2      | 1686 ||| READING scroll labelled WYB ISOMMARGH.
  1687 | D:2      | 1687 ||| DRINKING 2 inky potions.
  1688 | D:2      | 1688 ||| DROPPING potion of invisibility.
  1709 | D:3      | 1709 ||| PLANNING SEWER
  1867 | D:3      | Noticed Jessica
  1870 | D:3      | Killed Jessica
  1871 | D:3      | Reached skill level 5 in Dodging
  1916 | D:3      | Reached XP level 5. HP: 26/26 MP: 6/6
  2163 | D:3      | 2163 ||| FLEEEEING.
  2164 | D:3      | 2164 ||| FLEEEEING.
  2165 | D:3      | 2165 ||| FLEEEEING.
  2166 | D:3      | 2166 ||| FLEEEEING.
  2167 | D:3      | 2167 ||| FLEEEEING.
  2168 | D:3      | 2168 ||| FLEEEEING.
  2169 | D:3      | 2169 ||| FLEEEEING.
  2171 | D:3      | 2171 ||| FLEEEEING.
  2172 | D:3      | 2172 ||| FLEEEEING.
  2173 | D:3      | 2173 ||| FLEEEEING.
  2202 | D:3      | Found a glowing drain.
  2203 | D:3      | 2203 ||| UPGRADING to amulet of regeneration.
  2208 | D:3      | 2208 ||| READING scroll labelled XOPETWOK FIYV.
  2208 | D:3      | 2208 ||| ENCHANTING +0 cloak.
  2209 | D:3      | 2209 ||| DRINKING 2 viscous sapphire potions.
  2218 | Sewer    | Entered a sewer
  2333 | Sewer    | Reached skill level 6 in Ranged Weapons
  2344 | Sewer    | Found a burning altar of Makhleb.
  2359 | Sewer    | Reached XP level 6. HP: 16/30 MP: 7/7
  2500 | Sewer    | Noticed Grinder
  2501 | Sewer    | Paralysed by Grinder for 5 turns
  2525 | Sewer    | Killed Grinder
  2526 | Sewer    | Reached XP level 7. HP: 21/35 MP: 8/8
  2580 | Sewer    | 2580 ||| READING 3 scrolls labelled VUSHRACH JEQUTS.
  2581 | Sewer    | 2581 ||| READING scroll labelled ARINNA WETYNU.
  2581 | Sewer    | 2581 ||| IDENTIFYING viscous black potion
  2582 | Sewer    | 2582 ||| DRINKING 4 fizzy purple potions.
  2583 | Sewer    | 2583 ||| DRINKING 2 golden potions.
  2584 | Sewer    | 2584 ||| DROPPING 2 scrolls of immolation.
  2612 | D:3      | 2612 ||| PLANNING D:1-11
  2965 | D:4      | Identified the +0 robe "Zearrufe" {rF+ Dex-5 Archmagi}
  3005 | D:4      | Reached skill level 6 in Dodging
  3166 | D:4      | Noticed Eustachio
  3167 | D:4      | 3167 ||| DRINKING potion of haste.
  3186 | D:4      | Killed Eustachio
  3187 | D:4      | Reached skill level 7 in Dodging
  3192 | D:4      | 3192 ||| READING scroll of enchant armour.
  3192 | D:4      | 3192 ||| ENCHANTING +1 cloak.
  3200 | D:4      | Noticed Natasha
  3209 | D:4      | Killed Natasha
  3295 | D:4      | Reached skill level 8 in Dodging
  3319 | D:4      | Found a hazy altar of Hepliaklqana.
  3437 | D:4      | Found a runed translucent door.
  3438 | D:4      | Noticed Crazy Yiuf
  3646 | D:4      | 3646 ||| READING 2 scrolls of identify.
  3646 | D:4      | 3646 ||| IDENTIFYING brown potion
  3647 | D:4      | 3647 ||| READING scroll of identify.
  3647 | D:4      | 3647 ||| IDENTIFYING cyan potion
  3648 | D:4      | 3648 ||| DROPPING potion of lignification.
  3649 | D:4      | 3649 ||| DROPPING potion of brilliance.
  3717 | D:5      | Entered Level 5 of the Dungeon
  3723 | D:5      | Reached XP level 8. HP: 39/39 MP: 9/9
  3801 | D:5      | Reached skill level 3 in Fighting
  3813 | D:5      | Found a staircase to the Ecumenical Temple.
  3814 | D:5      | 3814 ||| PLANNING TEMPLE
  3819 | Temple   | Entered the Ecumenical Temple
  3820 | Temple   | 3820 ||| PLANNING OKAWARU WORSHIP
  3845 | Temple   | Became a worshipper of Warmaster Okawaru
  3846 | Temple   | 3846 ||| PLANNING D:1-11
  3962 | D:5      | Found a glowing silver altar of Zin.
  4075 | D:5      | Reached skill level 9 in Ranged Weapons
  4115 | D:5      | Reached * piety under Okawaru
  4591 | D:5      | Reached skill level 9 in Dodging
  4591 | D:5      | Reached skill level 1 in Invocations
  4765 | D:5      | 4765 ||| READING 5 scrolls of identify.
  4765 | D:5      | 4765 ||| IDENTIFYING purple potion
  4766 | D:5      | 4766 ||| READING 4 scrolls of identify.
  4766 | D:5      | 4766 ||| IDENTIFYING sapphire potion
  4767 | D:5      | 4767 ||| READING 3 scrolls of identify.
  4767 | D:5      | 4767 ||| IDENTIFYING scroll labelled GIQUSTR FITTOTA
  4768 | D:5      | 4768 ||| DROPPING scroll of silence.
  5291 | D:6      | Reached ** piety under Okawaru
  5347 | D:6      | Reached skill level 3 in Invocations
  5347 | D:6      | Reached XP level 9. HP: 44/44 MP: 12/12
  5531 | D:6      | 5531 ||| SWAPPING to +0 orcbow.
  5547 | D:6      | 5547 ||| DROPPING +0 shortbow.
  5721 | D:6      | 5721 ||| READING 2 scrolls of identify.
  5721 | D:6      | 5721 ||| IDENTIFYING murky puce potion
  5722 | D:6      | 5722 ||| READING scroll of identify.
  5722 | D:6      | 5722 ||| IDENTIFYING scroll labelled FUNEAFR RANON
  5723 | D:6      | 5723 ||| READING scroll of brand weapon.
  5723 | D:6      | 5723 ||| BRANDING +0 orcbow.
  5724 | D:6      | 5724 ||| READING scroll labelled QECUOC MAEZ.
  5736 | D:7      | 5736 ||| STAIRDANCE
  5745 | D:7      | 5745 ||| STAIRDANCE
  5820 | D:7      | HP: 9/44 [electric eel/bolt of electricity (9)]
  5821 | D:7      | 5821 ||| DRINKING 3 potions of heal wounds.
  5824 | D:7      | 5824 ||| DRINKING 2 potions of heal wounds.
  5855 | D:7      | Reached skill level 10 in Dodging
  5979 | D:7      | Reached *** piety under Okawaru
  6091 | D:7      | 6091 ||| RETREEEEATING.
  6092 | D:7      | 6092 ||| RETREEEEATING.
  6093 | D:7      | 6093 ||| RETREEEEATING.
  6244 | D:7      | Found a flagged portal.
  6318 | D:7      | Reached skill level 11 in Dodging
  6370 | D:7      | 6370 ||| READING scroll of identify.
  6370 | D:7      | 6370 ||| IDENTIFYING 2 scrolls labelled HAMIKIALOPP
  6371 | D:7      | 6371 ||| DROPPING 2 scrolls of vulnerability.
  6428 | D:8      | 6428 ||| RETREEEEATING.
  6429 | D:8      | 6429 ||| RETREEEEATING.
  6434 | D:8      | 6434 ||| RETREEEEATING.
  6495 | D:8      | 6495 ||| RETREEEEATING.
  6496 | D:8      | 6496 ||| RETREEEEATING.
  6497 | D:8      | 6497 ||| RETREEEEATING.
  6499 | D:8      | 6499 ||| RETREEEEATING.
  6505 | D:8      | Noticed Maurice
  6506 | D:8      | 6506 ||| INVOKING Heroism.
  6523 | D:8      | Reached XP level 10. HP: 49/49 MP: 12/14
  6533 | D:8      | Killed Maurice
  6533 | D:8      | Reached **** piety under Okawaru
  6607 | D:8      | Found Diannyth's Weapon Shoppe.
  6814 | D:8      | Identified the ring of Charity {rPois rC+ Will+ Str+6
                  | Dex-4}
  7079 | D:8      | 7079 ||| UPGRADING to ring of Charity {rPois rC+ Will+
                  | Str+6 Dex-4}.
  7133 | D:9      | 7133 ||| RETREEEEATING.
  7206 | D:9      | 7206 ||| RETREEEEATING.
  7208 | D:9      | 7208 ||| INVOKING Finesse.
  7215 | D:9      | 7215 ||| RETREEEEATING.
  7216 | D:9      | 7216 ||| RETREEEEATING.
  7217 | D:9      | 7217 ||| RETREEEEATING.
  7218 | D:9      | 7218 ||| RETREEEEATING.
  7234 | D:9      | 7234 ||| INVOKING Heroism.
  7257 | D:9      | Reached skill level 6 in Invocations
  7283 | D:9      | Reached skill level 12 in Ranged Weapons
  7290 | D:9      | Reached ***** piety under Okawaru
  7482 | D:9      | Found a staircase to the Lair.
  7777 | D:9      | 7777 ||| PLANNING LAIR
  7777 | D:9      | 7777 ||| UPGRADING to +1 robe of cold resistance.
  7787 | D:9      | 7787 ||| DROPPING +0 robe.
  7788 | D:9      | 7788 ||| DROPPING +0 robe "Zearrufe" {rF+ Dex-5 Archmagi}.
  7789 | D:9      | 7789 ||| UPGRADING to +0 steam dragon scales.
  7799 | D:9      | 7799 ||| DROPPING +1 robe of cold resistance.
  7800 | D:9      | 7800 ||| READING 2 scrolls of enchant armour.
  7800 | D:9      | 7800 ||| ENCHANTING +0 steam dragon scales.
  7801 | D:9      | 7801 ||| READING scroll of enchant armour.
  7801 | D:9      | 7801 ||| ENCHANTING +1 steam dragon scales.
  7802 | D:9      | 7802 ||| READING scroll of identify.
  7802 | D:9      | 7802 ||| IDENTIFYING dark potion
  7803 | D:9      | 7803 ||| READING 3 scrolls labelled KYS UQISHRU.
  7803 | D:9      | Identified 3 scrolls of acquirement
  7803 | D:9      | 7803 ||| ACQUIRING +0 arbalest of flaming
  7803 | D:9      | Acquired a +0 arbalest of flaming
  7804 | D:9      | 7804 ||| READING 2 scrolls of acquirement.
  7804 | D:9      | 7804 ||| ACQUIRING +3 shortbow of Lust {heavy, rF+ SInv}
  7804 | D:9      | Acquired the +3 shortbow of Lust {heavy, rF+ SInv}
  7805 | D:9      | 7805 ||| READING scroll of acquirement.
  7805 | D:9      | 7805 ||| ACQUIRING +7 arbalest of Tomorrow {heavy, rPois
                  | rF++ Int-3 Dex+3}
  7805 | D:9      | Acquired the +7 arbalest of Tomorrow {heavy, rPois rF++
                  | Int-3 Dex+3}
  7807 | D:9      | 7807 ||| SWAPPING to +7 arbalest of Tomorrow {heavy, rPois
                  | rF++ Int-3 Dex+3}.
  7808 | D:9      | 7808 ||| DROPPING +0 orcbow of draining.
  7809 | D:9      | 7809 ||| DROPPING potion of ambrosia.
  7828 | Lair:1   | Entered Level 1 of the Lair of Beasts
  7834 | Lair:1   | 7834 ||| STAIRDANCE
  7839 | D:9      | Reached skill level 1 in Armour
  7843 | Lair:1   | Reached XP level 11. HP: 54/54 MP: 17/17
  7902 | Lair:1   | Reached skill level 12 in Dodging
  7905 | Lair:1   | 7905 ||| INVOKING Finesse.
  7906 | Lair:1   | 7906 ||| INVOKING Heroism.
  7913 | Lair:1   | Received a gift from Okawaru
  8069 | Lair:1   | 8069 ||| RETREEEEATING.
  8070 | Lair:1   | 8070 ||| RETREEEEATING.
  8071 | Lair:1   | 8071 ||| RETREEEEATING.
  8072 | Lair:1   | 8072 ||| RETREEEEATING.
  8073 | Lair:1   | 8073 ||| RETREEEEATING.
  8227 | Lair:1   | 8227 ||| RETREEEEATING.
  8228 | Lair:1   | 8228 ||| RETREEEEATING.
  8706 | Lair:1   | 8706 ||| READING scroll of identify.
  8706 | Lair:1   | 8706 ||| IDENTIFYING viscous blue potion
  8707 | Lair:1   | 8707 ||| DROPPING potion of attraction.
  8755 | Lair:2   | 8755 ||| STAIRDANCE
  8761 | Lair:2   | 8761 ||| STAIRDANCE
  8764 | Lair:1   | Reached skill level 9 in Invocations
  8766 | Lair:1   | Reached skill level 13 in Dodging
  8797 | Lair:2   | 8797 ||| RETREEEEATING.
  8929 | Lair:2   | Noticed a harpy
  8930 | Lair:2   | 8930 ||| INVOKING Finesse.
  8932 | Lair:2   | Killed a harpy
  8968 | Lair:2   | Noticed a harpy
  8974 | Lair:2   | 8974 ||| INVOKING Finesse.
  8976 | Lair:2   | Killed a harpy
  8976 | Lair:2   | Received a gift from Okawaru
  9118 | Lair:2   | Reached XP level 12. HP: 60/60 MP: 20/20
  9162 | Lair:2   | Noticed a catoblepas
  9164 | Lair:2   | 9164 ||| ZAPPING wand of light (6) at -3,-4 (catoblepas;
                  | floor).
  9165 | Lair:2   | 9165 ||| ZAPPING wand of light (5) at -2,-3 (catoblepas;
                  | floor).
  9166 | Lair:2   | 9166 ||| ZAPPING wand of light (4) at -1,-2 (catoblepas;
                  | floor).
  9170 | Lair:2   | 9170 ||| INVOKING Finesse.
  9173 | Lair:2   | Killed a catoblepas
  9292 | Lair:2   | Found a staircase to the Shoals.
  9359 | Lair:2   | 9359 ||| RETREEEEATING.
  9360 | Lair:2   | Received a gift from Okawaru
  9361 | Lair:2   | 9361 ||| RETREEEEATING.
  9363 | Lair:2   | 9363 ||| RETREEEEATING.
  9365 | Lair:2   | Reached skill level 14 in Dodging
  9769 | Lair:2   | Identified the +0 scale mail of Xuji {Dex+5}
  9854 | Lair:3   | 9854 ||| STAIRDANCE
  9913 | Lair:3   | Noticed Gastronok
  9914 | Lair:3   | 9914 ||| INVOKING Finesse.
  9920 | Lair:3   | Killed Gastronok
  9984 | Lair:3   | Noticed a four-headed hydra
  9984 | Lair:3   | 9984 ||| INVOKING Finesse.
  9986 | Lair:3   | Killed a four-headed hydra
  9995 | Lair:3   | Reached skill level 6 in Fighting
 10012 | Lair:3   | Reached skill level 15 in Dodging
 10047 | Lair:3   | Noticed Fannar
 10048 | Lair:3   | 10048 ||| INVOKING Finesse.
 10051 | Lair:3   | Killed Fannar
 10171 | Lair:3   | Noticed Amaemon
 10177 | Lair:3   | Killed Amaemon
 10177 | Lair:3   | Received a gift from Okawaru
 10375 | Lair:3   | Found a staircase to the Snake Pit.
 10516 | Lair:3   | 10516 ||| RETREEEEATING.
 10518 | Lair:3   | 10518 ||| RETREEEEATING.
 10522 | Lair:3   | 10522 ||| RETREEEEATING.
 10524 | Lair:3   | 10524 ||| RETREEEEATING.
 10525 | Lair:3   | 10525 ||| RETREEEEATING.
 10526 | Lair:3   | 10526 ||| RETREEEEATING.
 10527 | Lair:3   | 10527 ||| RETREEEEATING.
 10528 | Lair:3   | 10528 ||| RETREEEEATING.
 10529 | Lair:3   | 10529 ||| RETREEEEATING.
 10532 | Lair:3   | Reached skill level 15 in Ranged Weapons
 10533 | Lair:3   | Reached XP level 13. HP: 65/65 MP: 21/21
 10537 | Lair:3   | 10537 ||| RETREEEEATING.
 10538 | Lair:3   | 10538 ||| RETREEEEATING.
 10593 | Lair:3   | 10593 ||| RETREEEEATING.
 10594 | Lair:3   | 10594 ||| RETREEEEATING.
 10595 | Lair:3   | 10595 ||| RETREEEEATING.
 10596 | Lair:3   | 10596 ||| RETREEEEATING.
 10597 | Lair:3   | 10597 ||| INVOKING Finesse.
 10687 | Lair:4   | 10687 ||| STAIRDANCE
 10743 | Lair:4   | Identified the maw talisman of the Ornamental God {rC+
                  | rCorr Str+7 Dex-2}
 10770 | Lair:4   | Received a gift from Okawaru
 10771 | Lair:4   | 10771 ||| RETREEEEATING.
 10773 | Lair:4   | 10773 ||| RETREEEEATING.
 10774 | Lair:4   | 10774 ||| RETREEEEATING.
 10776 | Lair:4   | 10776 ||| RETREEEEATING.
 10777 | Lair:4   | 10777 ||| RETREEEEATING.
 10780 | Lair:4   | 10780 ||| RETREEEEATING.
 10782 | Lair:4   | 10782 ||| RETREEEEATING.
 10783 | Lair:4   | 10783 ||| RETREEEEATING.
 10784 | Lair:4   | 10784 ||| RETREEEEATING.
 10785 | Lair:4   | 10785 ||| RETREEEEATING.
 10786 | Lair:4   | 10786 ||| RETREEEEATING.
 10790 | Lair:4   | 10790 ||| RETREEEEATING.
 10791 | Lair:4   | 10791 ||| RETREEEEATING.
 10792 | Lair:4   | 10792 ||| RETREEEEATING.
 10801 | Lair:4   | Reached skill level 16 in Dodging
 10941 | Lair:4   | 10941 ||| RETREEEEATING.
 10943 | Lair:4   | 10943 ||| RETREEEEATING.
 10944 | Lair:4   | 10944 ||| RETREEEEATING.
 10947 | Lair:4   | 10947 ||| ZAPPING wand of light (3) at 1,-2 (polar bear;
                  | floor).
 11063 | Lair:4   | Found a staircase to the Slime Pits.
 11382 | Lair:4   | 11382 ||| RETREEEEATING.
 11385 | Lair:4   | 11385 ||| RETREEEEATING.
 11386 | Lair:4   | 11386 ||| RETREEEEATING.
 11387 | Lair:4   | 11387 ||| RETREEEEATING.
 11388 | Lair:4   | 11388 ||| RETREEEEATING.
 11389 | Lair:4   | 11389 ||| RETREEEEATING.
 11390 | Lair:4   | 11390 ||| RETREEEEATING.
 11391 | Lair:4   | 11391 ||| RETREEEEATING.
 11392 | Lair:4   | 11392 ||| RETREEEEATING.
 11393 | Lair:4   | Received a gift from Okawaru
 11803 | Lair:4   | 11803 ||| READING 2 scrolls of identify.
 11803 | Lair:4   | 11803 ||| IDENTIFYING scroll labelled EKOABLO MUSS
 11804 | Lair:4   | 11804 ||| DROPPING scroll of noise.
 11808 | Lair:5   | Entered Level 5 of the Lair of Beasts
 11809 | Lair:5   | 11809 ||| STAIRDANCE
 11917 | Lair:5   | 11917 ||| RETREEEEATING.
 11918 | Lair:5   | 11918 ||| RETREEEEATING.
 11919 | Lair:5   | 11919 ||| RETREEEEATING.
 11920 | Lair:5   | 11920 ||| RETREEEEATING.
 11921 | Lair:5   | 11921 ||| RETREEEEATING.
 11922 | Lair:5   | 11922 ||| RETREEEEATING.
 11923 | Lair:5   | 11923 ||| INVOKING Finesse.
 11924 | Lair:5   | 11924 ||| INVOKING Heroism.
 11930 | Lair:5   | 11930 ||| RETREEEEATING.
 11931 | Lair:5   | 11931 ||| RETREEEEATING.
 11932 | Lair:5   | 11932 ||| RETREEEEATING.
 11933 | Lair:5   | 11933 ||| RETREEEEATING.
 11934 | Lair:5   | 11934 ||| RETREEEEATING.
 11935 | Lair:5   | 11935 ||| RETREEEEATING.
 11936 | Lair:5   | 11936 ||| RETREEEEATING.
 11937 | Lair:5   | 11937 ||| RETREEEEATING.
 11938 | Lair:5   | 11938 ||| RETREEEEATING.
 11939 | Lair:5   | 11939 ||| RETREEEEATING.
 11940 | Lair:5   | 11940 ||| RETREEEEATING.
 11941 | Lair:5   | 11941 ||| RETREEEEATING.
 11942 | Lair:5   | 11942 ||| RETREEEEATING.
 11952 | Lair:5   | 11952 ||| INVOKING Finesse.
 12022 | Lair:5   | 12022 ||| RETREEEEATING.
 12031 | Lair:5   | Received a gift from Okawaru
 12059 | Lair:5   | 12059 ||| RETREEEEATING.
 12060 | Lair:5   | 12060 ||| RETREEEEATING.
 12076 | Lair:5   | Reached skill level 17 in Dodging
 12160 | Lair:5   | Received a gift from Okawaru
 12204 | Lair:5   | Reached XP level 14. HP: 72/72 MP: 22/22
 12235 | Lair:5   | 12235 ||| RETREEEEATING.
 12236 | Lair:5   | 12236 ||| RETREEEEATING.
 12237 | Lair:5   | 12237 ||| RETREEEEATING.
 12238 | Lair:5   | 12238 ||| RETREEEEATING.
 12382 | Lair:5   | Identified the +6 quarterstaff of Cheibriados's Approval
                  | {spect, rPois rN+++ Will-}
 12501 | Lair:5   | Reached ****** piety under Okawaru
 12502 | Lair:5   | 12502 ||| INVOKING Receive Weapon.
 12502 | Lair:5   | 12502 ||| ACQUIRING +1 orcbow of Xoczov {flame, rF+ Dex+4}
 12502 | Lair:5   | Acquired the +1 orcbow of Xoczov {flame, rF+ Dex+4}
 12502 | Lair:5   | Received a gift from Okawaru
 12503 | Lair:5   | 12503 ||| INVOKING Receive Armour.
 12503 | Lair:5   | 12503 ||| ACQUIRING +1 robe of Vines {NoPotionHeal
                  | Regen++++}
 12503 | Lair:5   | Acquired the +1 robe of Vines {NoPotionHeal Regen++++}
 12503 | Lair:5   | Received a gift from Okawaru
 12503 | Lair:5   | Found the +1 robe of Vines {NoPotionHeal Regen++++}
 12542 | Lair:5   | Found a shimmering altar of Xom.
 12718 | Lair:5   | Identified the ring "Cegroi" {Will+ rCorr Int+4}
 12777 | Lair:5   | 12777 ||| PLANNING D:1-11
 12777 | Lair:5   | 12777 ||| UPGRADING to +1 robe of Vines {NoPotionHeal
                  | Regen++++}.
 12787 | Lair:5   | 12787 ||| DROPPING +2 steam dragon scales.
 12788 | Lair:5   | 12788 ||| UPGRADING to ring "Cegroi" {Will+ rCorr Int+4}.
 12790 | Lair:5   | 12790 ||| DROPPING ring of resist corrosion.
 12902 | D:10     | Entered Level 10 of the Dungeon
 12903 | D:10     | 12903 ||| STAIRDANCE
 12907 | D:10     | 12907 ||| STAIRDANCE
 13062 | D:10     | 13062 ||| RETREEEEATING.
 13074 | D:10     | Reached skill level 18 in Dodging
 13105 | D:10     | Identified the +2 hat "Qaprom" {rCorr Str+5 Int-2 Stlth+}
 13360 | D:10     | 13360 ||| UPGRADING to +2 hat "Qaprom" {rCorr Str+5 Int-2
                  | Stlth+}.
 13474 | D:11     | Found a staircase to the Orcish Mines.
 13696 | D:11     | Received a gift from Okawaru
 13903 | D:11     | 13903 ||| PLANNING D
 13903 | D:11     | 13903 ||| READING 4 scrolls of identify.
 13903 | D:11     | 13903 ||| IDENTIFYING fuming dark potion
 13904 | D:11     | 13904 ||| READING 3 scrolls of identify.
 13904 | D:11     | 13904 ||| IDENTIFYING white potion
 13905 | D:11     | 13905 ||| DROPPING potion of berserk rage.
 14133 | D:12     | Found a blossoming altar of Fedhas.
 14223 | D:12     | 14223 ||| RETREEEEATING.
 14225 | D:12     | 14225 ||| RETREEEEATING.
 14227 | D:12     | 14227 ||| RETREEEEATING.
 14229 | D:12     | 14229 ||| RETREEEEATING.
 14233 | D:12     | 14233 ||| RETREEEEATING.
 14235 | D:12     | 14235 ||| RETREEEEATING.
 14415 | D:12     | 14415 ||| RETREEEEATING.
 14417 | D:12     | 14417 ||| RETREEEEATING.
 14418 | D:12     | 14418 ||| RETREEEEATING.
 14655 | D:12     | Found a runed translucent gate.
 14655 | D:12     | Found a runed translucent gate.
 14656 | D:12     | Found a runed translucent gate.
 14659 | D:12     | Noticed Uwkeq's ghost (journeyman MiFi)
 14786 | D:12     | 14786 ||| RETREEEEATING.
 14787 | D:12     | 14787 ||| RETREEEEATING.
 14909 | D:12     | 14909 ||| DROPPING ring of positive energy.
 14957 | D:13     | 14957 ||| PLANNING BAZAAR
 14957 | D:13     | Found a flickering gateway to a bazaar.
 14958 | D:13     | Found a shadowy altar of Dithmenos.
 14965 | Bazaar   | Entered a bazaar
 14973 | Bazaar   | Found Soedd's Jewellery Shop.
 14979 | Bazaar   | Found Vuazur's Antique Armour Boutique.
 14982 | Bazaar   | 14982 ||| BUYING amulet of reflection (570 gold).
 14982 | Bazaar   | Bought an amulet of reflection for 570 gold pieces
 14988 | Bazaar   | Found Karch's Armour Shoppe.
 15026 | Bazaar   | Found Gausaso's Distillery.
 15033 | Bazaar   | 15033 ||| BUYING potion of cancellation (56 gold).
 15033 | Bazaar   | Bought a potion of cancellation for 56 gold pieces
 15033 | Bazaar   | 15033 ||| BUYING potion of curing (21 gold).
 15033 | Bazaar   | Bought a potion of curing for 21 gold pieces
 15033 | Bazaar   | 15033 ||| BUYING potion of curing (21 gold).
 15033 | Bazaar   | Bought a potion of curing for 21 gold pieces
 15033 | Bazaar   | 15033 ||| BUYING potion of curing (21 gold).
 15033 | Bazaar   | Bought a potion of curing for 21 gold pieces
 15033 | Bazaar   | 15033 ||| BUYING potion of enlightenment (35 gold).
 15033 | Bazaar   | Bought a potion of enlightenment for 35 gold pieces
 15033 | Bazaar   | 15033 ||| BUYING potion of haste (70 gold).
 15033 | Bazaar   | Bought a potion of haste for 70 gold pieces
 15033 | Bazaar   | 15033 ||| BUYING potion of might (28 gold).
 15033 | Bazaar   | Bought a potion of might for 28 gold pieces
 15033 | Bazaar   | 15033 ||| BUYING potion of might (28 gold).
 15033 | Bazaar   | Bought a potion of might for 28 gold pieces
 15033 | Bazaar   | 15033 ||| UPGRADING to amulet of reflection.
 15043 | Bazaar   | 15043 ||| DROPPING amulet of regeneration.
 15065 | D:13     | 15065 ||| PLANNING D
 15094 | D:13     | Reached skill level 19 in Dodging
 15169 | D:13     | Identified the +4 whip of the Thoughtful Queens {freeze,
                  | MP+9}
 15218 | D:13     | Found a portal to a secret trove of treasure.
 15795 | D:13     | Found a gate to the Vaults.
 15805 | D:13     | Received a gift from Okawaru
 15823 | D:13     | 15823 ||| INVOKING Finesse.
 15971 | D:13     | 15971 ||| DROPPING amulet of guardian spirit.
 15972 | D:13     | 15972 ||| DROPPING ring of willpower.
 16012 | D:14     | 16012 ||| INVOKING Finesse.
 16013 | D:14     | 16013 ||| STAIRDANCE
 16151 | D:14     | Noticed Opnastoc's ghost (journeyman MiBe)
 16163 | D:14     | Noticed a storm dragon
 16179 | D:14     | Found a transporter.
 16241 | D:14     | 16241 ||| RETREEEEATING.
 16245 | D:14     | 16245 ||| RETREEEEATING.
 16247 | D:14     | 16247 ||| RETREEEEATING.
 16248 | D:14     | 16248 ||| RETREEEEATING.
 16249 | D:14     | 16249 ||| RETREEEEATING.
 16250 | D:14     | 16250 ||| RETREEEEATING.
 16251 | D:14     | 16251 ||| RETREEEEATING.
 16252 | D:14     | 16252 ||| RETREEEEATING.
 16253 | D:14     | 16253 ||| RETREEEEATING.
 16254 | D:14     | 16254 ||| RETREEEEATING.
 16255 | D:14     | 16255 ||| RETREEEEATING.
 16256 | D:14     | 16256 ||| FLEEEEING.
 16257 | D:14     | 16257 ||| FLEEEEING.
 16258 | D:14     | 16258 ||| FLEEEEING.
 16269 | D:14     | Reached skill level 18 in Ranged Weapons
 16272 | D:14     | 16272 ||| RETREEEEATING.
 16274 | D:14     | 16274 ||| RETREEEEATING.
 16275 | D:14     | 16275 ||| RETREEEEATING.
 16276 | D:14     | 16276 ||| INVOKING Finesse.
 16436 | D:14     | Found a transporter.
 16475 | D:14     | Found a sacrificial altar of Ru.
 16578 | D:14     | Found a shimmering blue altar of Sif Muna.
 16624 | D:15     | Entered Level 15 of the Dungeon
 16737 | D:15     | 16737 ||| RETREEEEATING.
 16742 | D:15     | Noticed Rupert
 16743 | D:15     | 16743 ||| RETREEEEATING.
 16744 | D:15     | 16744 ||| RETREEEEATING.
 16745 | D:15     | 16745 ||| RETREEEEATING.
 16746 | D:15     | 16746 ||| RETREEEEATING.
 16747 | D:15     | 16747 ||| RETREEEEATING.
 16748 | D:15     | 16748 ||| RETREEEEATING.
 16750 | D:15     | 16750 ||| RETREEEEATING.
 16752 | D:15     | 16752 ||| RETREEEEATING.
 16753 | D:15     | 16753 ||| INVOKING Finesse.
 16773 | D:15     | Reached XP level 15. HP: 76/77 MP: 19/23
 16774 | D:15     | 16774 ||| ZAPPING wand of light (8) at -2,-1 (Rupert;
                  | floor).
 16775 | D:15     | 16775 ||| ZAPPING wand of light (7) at -3,-1 (Rupert;
                  | floor).
 16776 | D:15     | 16776 ||| ZAPPING wand of light (6) at -4,-1 (Rupert;
                  | floor).
 16779 | D:15     | 16779 ||| INVOKING Finesse.
 16783 | D:15     | Killed Rupert
 16783 | D:15     | Received a gift from Okawaru
 16855 | D:15     | 16855 ||| RETREEEEATING.
 16856 | D:15     | 16856 ||| RETREEEEATING.
 16862 | D:15     | 16862 ||| RETREEEEATING.
 16863 | D:15     | 16863 ||| RETREEEEATING.
 16865 | D:15     | 16865 ||| RETREEEEATING.
 16881 | D:15     | Reached skill level 20 in Dodging
 16897 | D:15     | 16897 ||| RETREEEEATING.
 16898 | D:15     | Noticed Agnes
 16899 | D:15     | 16899 ||| RETREEEEATING.
 16900 | D:15     | 16900 ||| RETREEEEATING.
 16901 | D:15     | 16901 ||| RETREEEEATING.
 16904 | D:15     | 16904 ||| ZAPPING wand of light (5) at 0,-2 (Agnes; floor).
 16905 | D:15     | 16905 ||| INVOKING Finesse.
 16910 | D:15     | Killed Agnes
 16961 | D:15     | 16961 ||| RETREEEEATING.
 16962 | D:15     | Received a gift from Okawaru
 16969 | D:15     | Reached skill level 21 in Dodging
 17272 | D:15     | Reached skill level 22 in Dodging
 17283 | D:15     | Found a staircase to the Depths.
 17287 | D:15     | Got a smoky gem with 820 turns to spare
 17442 | D:15     | 17442 ||| PLANNING ORC
 17512 | Orc:1    | Entered Level 1 of the Orcish Mines
 17513 | Orc:1    | 17513 ||| STAIRDANCE
 17517 | Orc:1    | 17517 ||| STAIRDANCE
 17524 | Orc:1    | 17524 ||| STAIRDANCE
 17536 | Orc:1    | 17536 ||| STAIRDANCE
 17542 | Orc:1    | 17542 ||| STAIRDANCE
 17735 | Orc:2    | Entered Level 2 of the Orcish Mines
 17737 | Orc:2    | 17737 ||| STAIRDANCE
 17742 | Orc:2    | 17742 ||| STAIRDANCE
 17752 | Orc:2    | 17752 ||| STAIRDANCE
 17759 | Orc:2    | 17759 ||| STAIRDANCE
 17768 | Orc:2    | 17768 ||| STAIRDANCE
 17777 | Orc:2    | 17777 ||| STAIRDANCE
 17780 | Orc:1    | Received a gift from Okawaru
 18026 | Orc:2    | Found a staircase to the Elven Halls.
 18027 | Orc:2    | Found Daredeut's Assorted Antiques.
 18033 | Orc:2    | Noticed Nessos
 18034 | Orc:2    | Noticed Donald
 18035 | Orc:2    | 18035 ||| INVOKING Finesse.
 18040 | Orc:2    | Killed Nessos
 18041 | Orc:2    | 18041 ||| FLEEEEING.
 18042 | Orc:2    | 18042 ||| FLEEEEING.
 18044 | Orc:2    | 18044 ||| FLEEEEING.
 18045 | Orc:2    | 18045 ||| INVOKING Heroism.
 18047 | Orc:2    | Killed Donald
 18048 | Orc:2    | Reached skill level 9 in Fighting
 18081 | Orc:2    | Noticed Urug
 18084 | Orc:2    | Killed Urug
 18094 | Orc:2    | Noticed Azrael
 18103 | Orc:2    | Killed Azrael
 18412 | Orc:2    | 18412 ||| BUYING 2 scrolls of identify (112 gold).
 18412 | Orc:2    | Bought 2 scrolls of identify for 112 gold pieces
 18534 | Orc:2    | Received a gift from Okawaru
 18535 | Orc:2    | 18535 ||| INVOKING Finesse.
 18565 | Orc:2    | Reached XP level 16. HP: 84/84 MP: 22/24
 18576 | Orc:2    | Found Ippeoqom's Armour Shop.
 18581 | Orc:2    | Found Daasuih's Antique Weapon Emporium.
 18585 | Orc:2    | 18585 ||| BUYING +2 cloak of poison resistance (240 gold).
 18585 | Orc:2    | Bought a +2 cloak of poison resistance for 240 gold pieces
 18588 | Orc:2    | Found Lott's Weapon Emporium.
 18590 | Orc:2    | Found Vit Bophiesk's General Store.
 18599 | Orc:2    | 18599 ||| BUYING potion of resistance (160 gold).
 18599 | Orc:2    | Bought a potion of resistance for 160 gold pieces
 18707 | Orc:2    | 18707 ||| PLANNING SNAKE:1-3
 18881 | Snake:1  | Entered Level 1 of the Snake Pit
 18926 | Snake:1  | Reached skill level 23 in Dodging
 19054 | Snake:1  | Noticed Louise
 19060 | Snake:1  | Killed Louise
 19073 | Snake:1  | Noticed Kirke
 19074 | Snake:1  | 19074 ||| INVOKING Finesse.
 19090 | Snake:1  | Killed Kirke
 19155 | Snake:1  | 19155 ||| INVOKING Finesse.
 19241 | Snake:1  | Received a gift from Okawaru
 19289 | Snake:1  | Identified the serpent talisman of Vurhug {Dex+3}
 19289 | Snake:1  | Noticed Aizul
 19290 | Snake:1  | 19290 ||| INVOKING Finesse.
 19303 | Snake:1  | Killed Aizul
 19439 | Snake:1  | 19439 ||| INVOKING Finesse.
 19472 | Snake:1  | Found a runed translucent gate.
 19473 | Snake:1  | Found a runed translucent gate.
 19475 | Snake:1  | Found a runed translucent gate.
 19476 | Snake:1  | Noticed Sokuv's ghost (adept DECj)
 19477 | Snake:1  | Noticed Romunoh's ghost (adept SpBr)
 19477 | Snake:1  | Noticed Smee's ghost (adept MiFi)
 19477 | Snake:1  | Noticed Ousak's ghost (adept OpSh)
 19533 | Snake:1  | Reached skill level 24 in Dodging
 19590 | Snake:1  | Found Kanaosk's Assorted Antiques.
 19601 | Snake:1  | 19601 ||| BUYING potion of mutation (224 gold).
 19601 | Snake:1  | Bought a potion of mutation for 224 gold pieces
 19702 | Snake:1  | Found an opulent altar of Gozag.
 20147 | Snake:2  | 20147 ||| INVOKING Finesse.
 20186 | Snake:2  | 20186 ||| RETREEEEATING.
 20190 | Snake:2  | 20190 ||| RETREEEEATING.
 20199 | Snake:2  | 20199 ||| INVOKING Finesse.
 20270 | Snake:2  | 20270 ||| ZAPPING wand of light (4) at -2,1 (shock serpent;
                  | floor).
 20272 | Snake:2  | 20272 ||| ZAPPING wand of light (3) at -2,0 (shock serpent;
                  | floor).
 20273 | Snake:2  | 20273 ||| ZAPPING wand of light (2) at -4,1 (shock serpent;
                  | floor).
 20273 | Snake:2  | Received a gift from Okawaru
 20274 | Snake:2  | 20274 ||| ZAPPING wand of light (1) at -4,0 (shock serpent;
                  | floor).
 20276 | Snake:2  | 20276 ||| INVOKING Finesse.
 20515 | Snake:2  | 20515 ||| READING 14 scrolls of identify.
 20515 | Snake:2  | 20515 ||| IDENTIFYING scroll labelled TAXKUS CAPH
 20516 | Snake:2  | 20516 ||| DROPPING scroll of torment.
 20556 | Snake:3  | 20556 ||| RETREEEEATING.
 20557 | Snake:3  | 20557 ||| RETREEEEATING.
 20558 | Snake:3  | 20558 ||| RETREEEEATING.
 20562 | Snake:3  | 20562 ||| INVOKING Finesse.
 20623 | Snake:3  | Found a transporter.
 20626 | Snake:3  | Found the +7 lajatang of Order {silver, rMut}
 20631 | Snake:3  | 20631 ||| RETREEEEATING.
 20633 | Snake:3  | 20633 ||| RETREEEEATING.
 20635 | Snake:3  | 20635 ||| RETREEEEATING.
 20636 | Snake:3  | 20636 ||| RETREEEEATING.
 20637 | Snake:3  | 20637 ||| INVOKING Finesse.
 20648 | Snake:3  | Reached skill level 25 in Dodging
 20649 | Snake:3  | Noticed qw's ghost (adept SpHu)
 20674 | Snake:3  | Found a transporter.
 20700 | Snake:3  | 20700 ||| RETREEEEATING.
 20704 | Snake:3  | 20704 ||| RETREEEEATING.
 20705 | Snake:3  | 20705 ||| RETREEEEATING.
 20707 | Snake:3  | 20707 ||| RETREEEEATING.
 20708 | Snake:3  | 20708 ||| RETREEEEATING.
 20709 | Snake:3  | 20709 ||| RETREEEEATING.
 20710 | Snake:3  | 20710 ||| RETREEEEATING.
 20711 | Snake:3  | 20711 ||| RETREEEEATING.
 20712 | Snake:3  | 20712 ||| RETREEEEATING.
 20713 | Snake:3  | 20713 ||| RETREEEEATING.
 20714 | Snake:3  | 20714 ||| RETREEEEATING.
 20715 | Snake:3  | 20715 ||| RETREEEEATING.
 20716 | Snake:3  | 20716 ||| RETREEEEATING.
 20717 | Snake:3  | 20717 ||| RETREEEEATING.
 20718 | Snake:3  | 20718 ||| RETREEEEATING.
 20719 | Snake:3  | 20719 ||| RETREEEEATING.
 20720 | Snake:3  | 20720 ||| RETREEEEATING.
 20721 | Snake:3  | 20721 ||| RETREEEEATING.
 20722 | Snake:3  | 20722 ||| RETREEEEATING.
 20723 | Snake:3  | 20723 ||| RETREEEEATING.
 20724 | Snake:3  | 20724 ||| RETREEEEATING.
 20725 | Snake:3  | 20725 ||| RETREEEEATING.
 20726 | Snake:3  | 20726 ||| RETREEEEATING.
 20727 | Snake:3  | 20727 ||| INVOKING Finesse.
 20728 | Snake:3  | 20728 ||| INVOKING Heroism.
 20730 | Snake:3  | 20730 ||| READING 6 scrolls of teleportation.
 20836 | Snake:3  | Received a gift from Okawaru
 20870 | Snake:3  | 20870 ||| INVOKING Finesse.
 21024 | Snake:3  | 21024 ||| RETREEEEATING.
 21030 | Snake:3  | 21030 ||| INVOKING Finesse.
 21095 | Snake:3  | 21095 ||| INVOKING Finesse.
 21142 | Snake:3  | Reached skill level 26 in Dodging
 21171 | Snake:3  | Found a one-way gate to the infinite horrors of the Abyss.
 21252 | Snake:3  | 21252 ||| RETREEEEATING.
 21254 | Snake:3  | Reached XP level 17. HP: 83/89 MP: 25/25
 21404 | Snake:3  | 21404 ||| PLANNING SHOALS:1-3
 21404 | Snake:3  | 21404 ||| DROPPING +1 cloak.
 21567 | Shoals:1 | Entered Level 1 of the Shoals
 21571 | Shoals:1 | 21571 ||| STAIRDANCE
 21578 | Shoals:1 | 21578 ||| STAIRDANCE
 21596 | Shoals:1 | 21596 ||| STAIRDANCE
 21887 | Shoals:1 | Received a gift from Okawaru
 21892 | Shoals:1 | Found Eweurgh's Vocational Training.
 22228 | Shoals:1 | 22228 ||| READING 14 scrolls of identify.
 22228 | Shoals:1 | 22228 ||| IDENTIFYING scroll labelled RUSOFR CAJI
 22376 | Shoals:2 | Reached skill level 27 in Dodging
 22845 | Shoals:2 | 22845 ||| DROPPING +1 hat.
 22902 | Shoals:3 | 22902 ||| RETREEEEATING.
 22903 | Shoals:3 | 22903 ||| RETREEEEATING.
 22904 | Shoals:3 | 22904 ||| RETREEEEATING.
 22905 | Shoals:3 | 22905 ||| RETREEEEATING.
 22916 | Shoals:3 | Received a gift from Okawaru
 23043 | Shoals:3 | Reached skill level 12 in Fighting
 23060 | Shoals:3 | 23060 ||| RETREEEEATING.
 23130 | Shoals:3 | Identified the +2 scale mail of Valour {rC+ Regen+ Dex-5}
 23183 | Shoals:3 | Noticed a kraken
 23195 | Shoals:3 | HP: 18/93 [tentacle[a kraken] (17)]
 23196 | Shoals:3 | 23196 ||| READING 5 scrolls of teleportation.
 23199 | Shoals:3 | 23199 ||| READING 4 scrolls of teleportation.
 23202 | Shoals:3 | 23202 ||| RETREEEEATING.
 23318 | Shoals:3 | Received a gift from Okawaru
 23360 | Shoals:3 | 23360 ||| INVOKING Finesse.
 23485 | Shoals:3 | Killed a kraken
 23761 | Shoals:3 | 23761 ||| PLANNING SNAKE:4
 23761 | Shoals:3 | 23761 ||| DROPPING +1 hat.
 23762 | Shoals:3 | 23762 ||| DROPPING +6 ring of intelligence.
 23989 | Snake:4  | Entered Level 4 of the Snake Pit
 23990 | Snake:4  | 23990 ||| PLANNING BAZAAR
 23999 | Snake:4  | 23999 ||| INVOKING Finesse.
 24172 | Snake:4  | 24172 ||| RETREEEEATING.
 24174 | Snake:4  | 24174 ||| RETREEEEATING.
 24176 | Snake:4  | 24176 ||| RETREEEEATING.
 24179 | Snake:4  | 24179 ||| RETREEEEATING.
 24180 | Snake:4  | 24180 ||| RETREEEEATING.
 24183 | Snake:4  | Reached XP level 18. HP: 58/100 MP: 26/26
 24197 | Snake:4  | 24197 ||| DROPPING +1 orcbow of Xoczov {flame, rF+ Dex+4}.
 24296 | Snake:4  | Found a flickering gateway to a bazaar.
 24297 | Snake:4  | 24297 ||| DROPPING wand of mindburst (11).
 24310 | Bazaar   | Entered a bazaar
 24316 | Bazaar   | Found Reibbom's Jewellery Emporium.
 24316 | Bazaar   | Found Vitripyh's Book Shoppe.
 24338 | Bazaar   | 24338 ||| BUYING ring of poison resistance (300 gold).
 24338 | Bazaar   | Bought a ring of poison resistance for 300 gold pieces
 24338 | Bazaar   | 24338 ||| BUYING ring of protection from fire (375 gold).
 24338 | Bazaar   | Bought a ring of protection from fire for 375 gold pieces
 24338 | Bazaar   | 24338 ||| DROPPING ring of fire.
 24348 | Snake:4  | 24348 ||| PLANNING SNAKE:4
 24699 | Snake:4  | Received a gift from Okawaru
 24702 | Snake:4  | 24702 ||| RETREEEEATING.
 24705 | Snake:4  | 24705 ||| INVOKING Finesse.
 24818 | Snake:4  | 24818 ||| RETREEEEATING.
 24819 | Snake:4  | 24819 ||| INVOKING Finesse.
 24894 | Snake:4  | 24894 ||| RETREEEEATING.
 24901 | Snake:4  | 24901 ||| RETREEEEATING.
 24911 | Snake:4  | Received a gift from Okawaru
 24940 | Snake:4  | Reached skill level 15 in Fighting
 24943 | Snake:4  | 24943 ||| RETREEEEATING.
 24983 | Snake:4  | Reached skill level 3 in Armour
 25003 | Snake:4  | Got a serpentine rune of Zot
 25008 | Snake:4  | 25008 ||| PLANNING VAULTS:1-4
 25396 | Vaults:1 | Entered Level 1 of the Vaults
 25431 | Vaults:1 | 25431 ||| INVOKING Finesse.
 25439 | Vaults:1 | Identified the +3 robe "Odoutuh" {Fly Dex+3}
 25440 | Vaults:1 | 25440 ||| DRINKING 5 potions of resistance.
 25574 | Vaults:1 | Received a gift from Okawaru
 25818 | Vaults:1 | 25818 ||| RETREEEEATING.
 25819 | Vaults:1 | 25819 ||| RETREEEEATING.
 25820 | Vaults:1 | 25820 ||| RETREEEEATING.
 25821 | Vaults:1 | 25821 ||| RETREEEEATING.
 25822 | Vaults:1 | 25822 ||| RETREEEEATING.
 25824 | Vaults:1 | 25824 ||| RETREEEEATING.
 25829 | Vaults:1 | 25829 ||| RETREEEEATING.
 25830 | Vaults:1 | 25830 ||| RETREEEEATING.
 25831 | Vaults:1 | 25831 ||| RETREEEEATING.
 25856 | Vaults:1 | 25856 ||| INVOKING Finesse.
 26169 | Vaults:1 | Found Neawuj's Magic Scroll Shop.
 26186 | Vaults:1 | 26186 ||| BUYING scroll of teleportation (45 gold).
 26186 | Vaults:1 | Bought a scroll of teleportation for 45 gold pieces
 26186 | Vaults:1 | 26186 ||| BUYING scroll of teleportation (45 gold).
 26186 | Vaults:1 | Bought a scroll of teleportation for 45 gold pieces
 26186 | Vaults:1 | 26186 ||| BUYING scroll of teleportation (45 gold).
 26186 | Vaults:1 | Bought a scroll of teleportation for 45 gold pieces
 26459 | Vaults:2 | 26459 ||| PLANNING DESOLATION
 26459 | Vaults:2 | 26459 ||| STAIRDANCE
 26465 | Vaults:2 | 26465 ||| RETREEEEATING.
 26472 | Vaults:2 | 26472 ||| INVOKING Finesse.
 26560 | Vaults:2 | Received a gift from Okawaru
 26590 | Vaults:2 | Reached XP level 19. HP: 111/111 MP: 27/27
 26639 | Vaults:2 | 26639 ||| RETREEEEATING.
 26640 | Vaults:2 | 26640 ||| RETREEEEATING.
 26641 | Vaults:2 | 26641 ||| RETREEEEATING.
 26642 | Vaults:2 | 26642 ||| RETREEEEATING.
 26643 | Vaults:2 | 26643 ||| RETREEEEATING.
 26644 | Vaults:2 | 26644 ||| RETREEEEATING.
 26645 | Vaults:2 | 26645 ||| RETREEEEATING.
 26646 | Vaults:2 | 26646 ||| RETREEEEATING.
 26651 | Vaults:2 | 26651 ||| INVOKING Finesse.
 26773 | Vaults:2 | Found a crumbling gateway.
 26782 | Desolati | Entered the Desolation of Salt
 26870 | Desolati | Received a gift from Okawaru
 26871 | Desolati | 26871 ||| INVOKING Finesse.
 26872 | Desolati | 26872 ||| INVOKING Heroism.
 26891 | Desolati | 26891 ||| RETREEEEATING.
 26891 | Desolati | HP: 17/111 [ragged hierophant/a resonance strike (15)]
 26892 | Desolati | 26892 ||| READING 6 scrolls of teleportation.
 26892 | Desolati | HP: 6/111 [servant of whispers/+0 spear (8)]
 26892 | Desolati | Killed from afar by a ragged hierophant

Levels and vault maps discovered:
D:1:      dpeg_arrival_arbitrary_b, layout_loops_corners, minmay_small_reverse_x
D:2:      layout_basic, minmay_stone_trees_small
D:3:      layout_basic, portal_sewer_entry_f, uniq_jessica
D:4:      layout_gridville, marbit_many_paths, nicolae_the_louvre, uniq_natasha,
          uniq_grinder, uniq_eustachio, uniq_crazy_yiuf_cottage
D:5:      layout_cave_pods, mainiacjoe_overflow_paths, temple_statues,
          dk_noncrumbling_4, chequers_serial_rivers_large_a,
          minmay_quadrilaterals
D:6:      layout_basic
D:7:      layout_rooms, enter_bailey_7, kennysheep_boxes
D:8:      layout_gridville, serial_shops, shop, uniq_maurice
D:9:      layout_irregular_city, due_lair_maze_entry_diamond
D:10:     layout_roguey, serial_bayou_pond_c
D:11:     layout_basic, david_orc_5
D:12:     layout_stronghold, gammafunk_ghost_spectres, fedhas_altar_4
D:13:     layout_basic, david_vaults_1, enter_trove_2, serial_shops,
          bzr_entry_dummy, minivault_10, hangedman_decor_riveting,
          nicolae_dithmenos_through_a_glass_darkly
D:14:     layout_small_grid, gammafunk_ghost_berserking_beasts,
          hellmonk_sif_muna_bookshelves, nicolae_ru_path_of_blood
D:15:     grunt_enter_depths_magical_seal, layout_basic, special_room
          [special_room_mythical_zoo], uniq_agnes, uniq_rupert
Temple:   mainiacjoe_temple_cubbyholes
Lair:1:   layout_cave_pods, beast_lair_carwin_4
Lair:2:   layout_layer_cave, nicolae_shoals_entry_roost
Lair:3:   layout_chaotic_city, alex1729_snake_entry_snake, st_stairs_3,
          chequers_serial_rivers_micro_d, beast_lair_carwin_11, uniq_gastronok,
          uniq_fannar, uniq_amaemon
Lair:4:   beast_lair_carwin_large_1, layout_cave_pods, slime_entry_1,
          minmay_hedge_maze, st_stairs_10
Lair:5:   minmay_lair_end_frog_pond, layout_concentric_octagons,
          lemuel_centaur_altar
Shoals:1: layout_shoals, nicolae_shoals_lost_giant_temple,
          nicolae_shop_vocational
Shoals:2: layout_shoals, nicolae_shoals_stone_sculpture_thing
Shoals:3: layout_shoals, ldierk_geyser,
          nicolae_shoals_nymph_descending_staircase
Snake:1:  layout_layer_cave, serial_shops, shop, gammafunk_ghost_cemetery,
          serial_bayou_lagoon_a, lemuel_oklob_altar, uniq_aizul, uniq_louise,
          uniq_kirke
Snake:2:  layout_rooms
Snake:3:  layout_misc_corridors, gammafunk_ghost_abyssal_escape,
          hangedman_snake_sidewinding
Snake:4:  snake_pit_salamanders_mu, layout_cave_town, serial_shops,
          bzr_entry_water, serial_bayou_lake_a
Orc:1:    layout_caves, basic_altar, mines1_david
Orc:2:    st_orc_elflike, layout_diamond_mine, serial_shops, shop, uniq_donald,
          uniq_nessos, uniq_azrael, uniq_urug
Vaults:1: nicolae_vaults_more_shelving_2, nicolae_vaults_surprise_closet,
          ontoclasm_vaults_shuriken, vaults_room_mumra_shop_pool, v_misc_19,
          vaults_room_ringed_pool, vaults_room_door_hall, layout_vaults_omnigrid
Vaults:2: portal_desolation_entry_garden, grunt_vaults_trifunnel,
          vaults_mumra_hexcomb, nicolae_vaults_tetromino_Z_1,
          ontoclasm_vaults_fault, vaults_dpeg_encased_lava,
          nicolae_vaults_trapezoid_2, nicolae_vaults_security_offices_1,
          layout_vaults_big_room, serial_shops, shop
Desolation

Skill      XL: |  1  2  3  4  5  6  7  8  9 10 11 12 13 14 15 16 17 18 19 |
---------------+----------------------------------------------------------+-----
Dodging        | 3 4 5 8 9 11 13 15 17 19 22 26 27 | 27.0
Ranged Weapons | 5 6 7 8 9 10 12 13 15 16 18 | 18.0
Fighting       | 2 3 4 5 6 7 8 9 10 13 16 17 | 17.1
Invocations    | 3 4 7 10 | 10.0
Armour         | 1 2 3 |  3.0
Stealth        | |  1.5

Action                     |  1- 3 |  4- 6 |  7- 9 | 10-12 | 13-15 | 16-18 | 19-21 || total
---------------------------+-------+-------+-------+-------+-------+-------+-------++-------
   Fire: Shortbow          |    83 |   256 |   287 |       |       |       |       ||   626
         Orcbow            |       |       |   289 |   184 |       |       |       ||   473
         Arbalest          |       |       |       |   265 |   887 |  1095 |   121 ||  2368
 Invoke: Heroism           |       |       |     1 |     2 |     2 |     1 |     1 ||     7
         Finesse           |       |       |       |     8 |    11 |    20 |     2 ||    41
         Receive Weapon    |       |       |       |       |     1 |       |       ||     1
         Receive Armour    |       |       |       |       |     1 |       |       ||     1
  Evoke: Wand              |       |       |       |     3 |     5 |     4 |       ||    12
    Use: Scroll            |     4 |     2 |    13 |     7 |     3 |     5 |     1 ||    35
         Potion            |       |     2 |     5 |       |       |     1 |       ||     8
 Armour: Robe              |     6 |    67 |    71 |    27 |    64 |   153 |    24 ||   412
         Steam dragon scal |       |       |       |    41 |   102 |       |       ||   143
  Dodge: Dodged            |    32 |   317 |   457 |   452 |   984 |  1304 |   153 ||  3699
  Block: Other             |       |       |       |       |    59 |   164 |    17 ||   240
         Reflection        |       |       |       |       |     9 |    19 |       ||    28

Table legend:
 A = Non-vault XP
 B = Vault XP
 C = Vault XP percentage of total XP
 D = Non-vault monster count
 E = Vault monster count
 F = Vault count percentage of total count
                 A         B        C        D         E       F
            +---------+---------+-------+---------+---------+-------
      Total |  246361 |  154348 |  38.5 |     770 |     367 |  32.3
            +---------+---------+-------+---------+---------+-------
        D:1 |      19 |      10 |  34.5 |      14 |       4 |  22.2
        D:2 |     111 |       0 |   0.0 |      15 |       0 |   0.0
        D:3 |     138 |      47 |  25.4 |      25 |       6 |  19.4
        D:4 |     338 |     225 |  40.0 |      16 |       3 |  15.8
        D:5 |     703 |     341 |  32.7 |      14 |       6 |  30.0
        D:6 |     726 |       0 |   0.0 |      16 |       0 |   0.0
        D:7 |    1591 |      21 |   1.3 |      39 |       4 |   9.3
        D:8 |    1191 |     512 |  30.1 |      25 |       1 |   3.8
        D:9 |    3298 |    1255 |  27.6 |      32 |       9 |  22.0
       D:10 |    2413 |       0 |   0.0 |      21 |       0 |   0.0
       D:11 |    1182 |     650 |  35.5 |      15 |      21 |  58.3
       D:12 |    4797 |       0 |   0.0 |      22 |       0 |   0.0
       D:13 |    4779 |    4098 |  46.2 |      10 |       7 |  41.2
       D:14 |    6950 |       0 |   0.0 |      16 |       0 |   0.0
       D:15 |   19544 |   15463 |  44.2 |      31 |      38 |  55.1
     Lair:1 |    5555 |     797 |  12.5 |      25 |       6 |  19.4
     Lair:2 |    7971 |    1278 |  13.8 |      30 |       2 |   6.2
     Lair:3 |    9244 |    6744 |  42.2 |      26 |      15 |  36.6
     Lair:4 |    5919 |    5162 |  46.6 |      22 |      13 |  37.1
     Lair:5 |    8761 |   12315 |  58.4 |      25 |      41 |  62.1
   Shoals:1 |   18241 |       0 |   0.0 |      33 |       0 |   0.0
   Shoals:2 |   14992 |       0 |   0.0 |      32 |       0 |   0.0
   Shoals:3 |   26740 |    1772 |   6.2 |      54 |       4 |   6.9
    Snake:1 |   12648 |    5599 |  30.7 |      24 |       9 |  27.3
    Snake:2 |   16657 |       0 |   0.0 |      32 |       0 |   0.0
    Snake:3 |   15227 |   15017 |  49.7 |      27 |      22 |  44.9
    Snake:4 |   21850 |   33241 |  60.3 |      39 |      48 |  55.2
      Orc:1 |    3291 |       0 |   0.0 |      25 |       0 |   0.0
      Orc:2 |    3817 |   13306 |  77.7 |      21 |      31 |  59.6
   Vaults:1 |   15788 |   12527 |  44.2 |      25 |      17 |  40.5
   Vaults:2 |   11880 |   12103 |  50.5 |      19 |      15 |  44.1
      Sewer |       0 |     518 | 100.0 |       0 |      24 | 100.0
 Desolation |       0 |   11347 | 100.0 |       0 |      21 | 100.0
            +---------+---------+-------+---------+---------+-------
